 Dungeon Crawl Stone Soup version 0.27.1-2-g3b301248ec (webtiles) character file.

Game seed: 17092058904491755640

95 MisterFreud the Ducker (level 4, -1/38 HPs)
             Began as a Gnoll Gladiator on Oct 3, 2021.
             Slain by a wyvern skeleton (11 damage)
             ... on level 3 of the Dungeon.
             The game lasted 00:04:48 (1618 turns).

MisterFreud the Ducker (Gnoll Gladiator)            Turns: 1618, Time: 00:04:48

Health: -1/38      AC:  5    Str: 13    XL:     4   Next: 65%
Magic:  5/5        EV: 14    Int:  8    God:
Gold:   48         SH:  0    Dex: 14    Spells: 5/5 levels left

rFire    . . .     SeeInvis .   a - +0 quarterstaff
rCold    . . .     Faith    .   (shield currently unavailable)
rNeg     . . .     Spirit   .   b - +0 leather armour
rPois    .         Reflect  .   c - +0 helmet
rElec    .         Harm     .   (no cloak)
rCorr    .         Rampage  .   l - +0 pair of gloves
Will     .....                  (no boots)
Stlth    +.........             (no amulet)
HPRegen  0.12/turn              (no ring)
MPRegen  0.09/turn              (no ring)

@: no status effects
A: fangs 1, strong nose, distributed training
a: no special abilities


You were on level 3 of the Dungeon.
You visited 1 branch of the dungeon, and saw 4 of its levels.

You collected 48 gold pieces.

Inventory:

Hand Weapons
 a - a +0 quarterstaff (weapon)
 e - a +0 dagger
 g - a +0 long sword
 j - a +1 spear of venom
 m - a +0 rapier
Missiles
 d - 3 throwing nets
 h - 36 stones (quivered)
 i - 34 sling bullets
Armour
 b - a +0 leather armour (worn)
 c - a +0 helmet (worn)
 l - a +0 pair of gloves (worn)
Scrolls
 n - a scroll of identify {unknown}
 p - a scroll of silence {unknown}
Potions
 f - a potion of brilliance {unknown}
 k - a potion of lignification {unknown}
 o - 2 potions of curing {unknown}


   Skills:
 + Level 4.6 Fighting
 + Level 1.2 Short Blades
 + Level 1.2 Long Blades
 + Level 1.2 Axes
 + Level 1.2 Maces & Flails
 + Level 1.2 Polearms
 + Level 6.6 Staves
 + Level 1.2 Slings
 + Level 1.2 Bows
 + Level 1.2 Crossbows
 + Level 4.6 Throwing
 + Level 1.2 Armour
 + Level 6.6 Dodging
 + Level 1.2 Stealth
 + Level 1.2 Shields
 + Level 1.2 Unarmed Combat
 + Level 1.2 Spellcasting
 + Level 1.0 Conjurations
 + Level 1.0 Hexes
 + Level 1.0 Summonings
 + Level 1.0 Necromancy
 + Level 1.0 Translocations
 + Level 1.0 Transmutations
 + Level 1.0 Fire Magic
 + Level 1.0 Ice Magic
 + Level 1.0 Air Magic
 + Level 1.0 Earth Magic
 + Level 1.0 Poison Magic
 + Level 1.3 Invocations
 + Level 1.2 Evocations


You had 5 spell levels left.
You didn't know any spells.
Your spell library contained the following spells:

 Spells                   Type           Power      Damage    Failure   Level
 Alistair's Intoxication  Tmut/Pois      1%         N/A       100%        5
 Borgnjor's Vile Clutch   Necr/Erth      1%         N/A       100%        5
 Eringya's Noxious Bog    Tmut/Pois      1%         N/A       100%        6


Dungeon Overview and Level Annotations

Branches:
Dungeon (4/15)             Temple (0/1) D:4

Altars:


Innate Abilities, Weirdness & Mutations

You have very sharp teeth.
Your uncanny sense of smell can sniff out nearby items.
Your experience applies equally to all skills.


Message History

Aim: a wyvern skeleton (87% to hit)
You throw a stone. The stone hits the wyvern skeleton.
The wyvern skeleton is lightly damaged.
Unknown command.
Throw: 37 stones
Press: ? - help, Q - select action, (/) - cycle Shift-Dir - straight line, f/p - wyvern skeleton
Aim: a wyvern skeleton (lightly damaged, 87% to hit)
You throw a stone. The stone hits the wyvern skeleton.
The wyvern skeleton is lightly damaged.
You sock the wyvern skeleton!
The wyvern skeleton is heavily damaged.
The wyvern skeleton misses you.
You hit the wyvern skeleton.
The wyvern skeleton is heavily damaged.
The wyvern skeleton bites you!
You hit the wyvern skeleton.
The wyvern skeleton is severely damaged.
The wyvern skeleton barely misses you.
You hit the wyvern skeleton.
The wyvern skeleton is severely damaged.
The wyvern skeleton barely misses you. The wyvern skeleton closely misses you.
You barely miss the wyvern skeleton.
The wyvern skeleton is severely damaged.
The wyvern skeleton bites you!
You hit the wyvern skeleton.
The wyvern skeleton is severely damaged.
The wyvern skeleton bites you but does no damage.
You hit the wyvern skeleton.
You bite the wyvern skeleton, but do no damage.
The wyvern skeleton is severely damaged.
The wyvern skeleton completely misses you.
The wyvern skeleton barely misses you.
You hit the wyvern skeleton. You bite the wyvern skeleton.
The wyvern skeleton is almost destroyed.
The wyvern skeleton bites you!
* * * LOW HITPOINT WARNING * * *
You hit the wyvern skeleton.
The wyvern skeleton is almost destroyed.
The wyvern skeleton bites you!
You die...

######.## ...#...##
.######......#
........#†..#
...........# #
######.##.#
#..######.##.#
..........##.#
#...((Z@..##.#
############.# ##### #.#
####...# ##### #.#
##.##.###
#...####.###.#.#.#
#..........†.....###
######...####.###........
#.......## #...##...#.###
#.####...##.....#####...


You could see a wyvern skeleton.

Vanquished Creatures
  An iguana (D:4)
  3 adders
  An adder skeleton (D:4)
  2 dart slugs
  2 bats (D:1)
  An endoplasm (D:4)
  4 giant cockroaches
  2 goblins
  3 hobgoblins
  2 jackals (D:4)
  3 quokkas (D:1)
  4 ball pythons
  A frilled lizard (D:3)
  3 kobolds (D:1)
  4 rats (D:1)
36 creatures vanquished.

Notes
Turn   | Place    | Note
-------+----------+-------------------------------------------
     0 | D:1      | MisterFreud the Gnoll Gladiator began the quest for the
                  | Orb.
     0 | D:1      | Reached XP level 1. HP: 20/20 MP: 1/1
     3 | D:1      | Noticed an electric eel
    16 | D:1      | Noticed an electric eel
   157 | D:1      | You fall into a shaft and drop 1 floor!
   226 | D:1      | Reached XP level 2. HP: 26/26 MP: 2/2
   943 | D:1      | Reached XP level 3. HP: 31/31 MP: 3/3
  1113 | D:2      | You fall into a shaft and drop 2 floors!
  1312 | D:4      | Found a staircase to the Ecumenical Temple.
  1335 | D:4      | Reached skill level 1 in Invocations
  1359 | D:4      | Noticed a scorpion
  1394 | D:4      | Reached skill level 1 in Short Blades
  1394 | D:4      | Reached skill level 1 in Long Blades
  1394 | D:4      | Reached skill level 1 in Axes
  1394 | D:4      | Reached skill level 1 in Maces & Flails
  1394 | D:4      | Reached skill level 1 in Polearms
  1394 | D:4      | Reached skill level 1 in Slings
  1394 | D:4      | Reached skill level 1 in Bows
  1394 | D:4      | Reached skill level 1 in Crossbows
  1394 | D:4      | Reached skill level 1 in Armour
  1394 | D:4      | Reached skill level 1 in Stealth
  1394 | D:4      | Reached skill level 1 in Shields
  1394 | D:4      | Reached skill level 1 in Unarmed Combat
  1394 | D:4      | Reached skill level 1 in Spellcasting
  1394 | D:4      | Reached skill level 1 in Evocations
  1394 | D:4      | Reached XP level 4. HP: 29/38 MP: 5/5
  1602 | D:3      | Reached skill level 1 in Conjurations
  1602 | D:3      | Reached skill level 1 in Hexes
  1602 | D:3      | Reached skill level 1 in Summonings
  1602 | D:3      | Reached skill level 1 in Necromancy
  1602 | D:3      | Reached skill level 1 in Translocations
  1602 | D:3      | Reached skill level 1 in Transmutations
  1602 | D:3      | Reached skill level 1 in Fire Magic
  1602 | D:3      | Reached skill level 1 in Ice Magic
  1602 | D:3      | Reached skill level 1 in Air Magic
  1602 | D:3      | Reached skill level 1 in Earth Magic
  1602 | D:3      | Reached skill level 1 in Poison Magic
  1618 | D:3      | Slain by a wyvern skeleton

Illustrated notes

Levels and vault maps discovered:
D:1:      arrival_aquarium_b, layout_basic
D:2:      layout_basic, basic_altar, grunt_ministairs_15, palyth_stone_intersect
D:3:      layout_loops_corners, lemuel_crystal_altar, lemuel_round_altar,
          basic_ecumenical_altar, kennysheep_donut, uniq_grinder, uniq_sigmund
D:4:      layout_cave_pods, temple_fountains

Skill      XL: |  1  2  3  4 |
---------------+-------------+-----
Invocations    | 1 |  1.3
Short Blades   | 1 |  1.2
Long Blades    | 1 |  1.2
Axes           | 1 |  1.2
Maces & Flails | 1 |  1.2
Polearms       | 1 |  1.2
Slings         | 1 |  1.2
Bows           | 1 |  1.2
Crossbows      | 1 |  1.2
Armour         | 1 |  1.2
Stealth        | 1 |  1.2
Shields        | 1 |  1.2
Unarmed Combat | 1 |  1.2
Spellcasting   | 1 |  1.2
Evocations     | 1 |  1.2
Conjurations   | 1 |  1.0
Hexes          | 1 |  1.0
Summonings     | 1 |  1.0
Necromancy     | 1 |  1.0
Translocations | 1 |  1.0
Transmutations | 1 |  1.0
Fire Magic     | 1 |  1.0
Ice Magic      | 1 |  1.0
Air Magic      | 1 |  1.0
Earth Magic    | 1 |  1.0
Poison Magic   | 1 |  1.0
Fighting       | |  4.6
Staves         | |  6.6
Throwing       | |  4.6
Dodging        | |  6.6

Action                   |  1- 3 |  4- 6 || total
-------------------------+-------+-------++-------
Melee: Quarterstaff      |    91 |    32 ||   123
       Bite              |     6 |     2 ||     8
Throw: Stone             |       |     2 ||     2
Armor: Leather armour    |    31 |     7 ||    38
Dodge: Dodged            |    67 |    25 ||    92
